 Dungeon Sprint DCSS version 0.30-a0-222-ge547ba4400 (webtiles) character file.

Game seed: 3687915525554748324

3233 rocky1 the Peltast (level 10, 0/82 HPs)
             Began as a Formicid Fighter on Oct 9, 2022.
             Was an Initiate of Gozag.
             Constricted to death by a naga (3 damage)
             ... in the Dungeon (Sprint VII: "The Pits").
             The game lasted 00:06:38 (1722 turns).

rocky1 the Peltast (Formicid Fighter)               Turns: 1722, Time: 00:06:38

Health: 0/82       AC: 18    Str: 24    XL:     10   Next: 18%
Magic:  10/10      EV: 10    Int:  9    God:    Gozag
Gold:   2459       SH:  8    Dex: 13    Spells: 9/9 levels left

rFire   . . .      SeeInvis +    k - +2 trident (distort)
rCold   . . .      Faith    .    c - +0 buckler
rNeg    . . .      Spirit   .    t - +4 chain mail
rPois   .          Reflect  .    (helmet unavailable)
rElec   .          Harm     .    (no cloak)
rCorr   .          Rampage  .    (no gloves)
Will    +....                    s - +0 pair of boots
Stlth   ..........               (no amulet)
HPRegen 0.33/turn                m - +3 ring of evasion
MPRegen 0.12/turn                d - +3 ring of protection

@: mighty, lethally poisoned (0 -> -21), constricted, invisible
A: permanent stasis, dig shafts and tunnels, antennae 3, four strong arms
a: Dig, Renounce Religion, Potion Petition, Call Merchant, Bribe Branch


You were in the Dungeon.
You worshipped Gozag.
Gozag was most pleased with you.
You visited 1 branch You collected 2997 gold pieces.
You paid 538 gold pieces to Gozag.

Inventory:

Hand Weapons
 a - a +0 trident
 b - a +2 vorpal trident
 k - a +2 trident of distortion (weapon)
 q - the +2 scimitar "Coedghen" {flame, *Noise rElec rPois Str+7 Dex+3}
   (You found it in the Dungeon)

   It burns those it strikes, dealing additional fire damage.
   Big, fiery blades are also staple armaments of hydra-hunters.
   Str:       It affects your strength (+7).
   Dex:       It affects your dexterity (+3).
   rElec:     It insulates you from electricity.
   rPois:     It protects you from poison.
   *Noise:    It may make noises in combat.
 r - a +2 halberd of protection
Armour
 c - a +0 buckler (worn)
 l - a +2 plate armour
 s - a +0 pair of boots (worn)
 t - a +4 chain mail (worn)
Jewellery
 d - a +3 ring of protection (right hand)
 m - a +3 ring of evasion (left hand)
Scrolls
 i - 5 scrolls of amnesia
 j - a scroll of summoning
Potions
 e - 6 potions of curing
 f - 8 potions of heal wounds
 g - 4 potions of magic
 h - a potion of invisibility
 n - a potion of resistance
 o - a potion of might
 p - a potion of brilliance


   Skills:
 + Level 8.9 Fighting
 + Level 14.0 Polearms
 + Level 7.2 Armour
 + Level 5.2 Dodging
 + Level 18.1 Shields


You had 9 spell levels left.
You didn't know any spells.
Your spell library was empty.

Dungeon Overview and Level Annotations

Branches:
Dungeon (1/1)

Altars:
Ashenzari
Cheibriados
Dithmenos
Elyvilon
Fedhas
Gozag
Hepliaklqana
Kikubaaqudgha
Makhleb
Nemelex Xobeh
Okawaru
Qazlal
Ru
Sif Muna
Trog
Uskayaw
Vehumet
Wu Jian
Xom
Yredelemnul
Zin
The Shining One
Jiyva
Lugonu

Shops:
D (


Innate Abilities, Weirdness & Mutations

You cannot be hasted, slowed, berserked, paralysed or teleported.
You can dig through walls and to a lower floor.
You have a pair of large antennae on your head. (SInv)
Your four strong arms can wield two-handed weapons with a shield.


Message History

You feel sick.
You feel sick.
Items here: )))) [[[.
You feel sick.
The guardian serpent casts a spell at you.
The ice devil blinks into view!
The naga blinks!
The naga mage blinks into view!
The freezing wraith blinks into view!
There is an open door here.
Unknown command.
You fade into invisibility!
You feel sick.
The freezing wraith hits you but does no damage. x2
The bog body gestures at you while chanting.
The bolt of cold hits the ice devil.
The ice devil completely resists.
The bolt of cold hits you!
The bolt of cold hits the freezing wraith.
The freezing wraith completely resists.
The naga mage spits poison at you. The splash of poison hits you.
You are more poisoned.
The naga hits you with a +0 broad axe! You block the naga's attack.
You feel very mighty all of a sudden.
You feel sick.
The freezing wraith hits you but does no damage.
The freezing wraith hits you. The freezing wraith drains your vigour!
Your stasis prevents you from being slowed.
The bog body points at you and mumbles some strange words.
The bolt of cold hits the ice devil.
The ice devil completely resists.
The bolt of cold misses you.
The bolt of cold misses the freezing wraith.
The ice devil hits you but does no damage.
The naga mage points at you and mumbles some strange words.
The bolt of poison hits you.
You are more poisoned.
* * * LOW HITPOINT WARNING * * *
The naga hits you with a +0 broad axe!!
* * * LOW HITPOINT WARNING * * *
The naga grabs you. The naga constricts you.
You die...
Your body crumbles into a pile of gold.

#####''###### ...##''#####
########### ...##......#
#.........# $$ ...##......#
#.......# ...###....##
####...# ...# ##''##
###..'...+ .
...###....###....##+## .#
...##......#...N##...## N.#
#####......'.∩.W@4n...+ ...+
#####..[...#...N##NS.##{...#
..[###....###..).##'##...S.#
.[.# ##'[## ###..'...'§S#
.))# #)...# ####...####
.).##......# #.......#
!).##......# #.........#
############ ###########


You could see a naga warrior, a guardian serpent, an ice devil (unable to see
you), a freezing wraith, a bog body (unable to see you), a naga mage and a naga.

Vanquished Creatures
  An unseen horror (D)
  A freezing wraith (D)
  A red devil (D)
  A tyrant leech (D)
  A hornet (D)
  Grinder (D)
  A flying skull (D)
  A shadow (D)
  A fire bat (D)
  A spriggan (D)
  A small abomination (D)
  A redback (D)
  2 wargs (D)
  An ice beast (D)
  2 ogres (D)
  2 wolves (D)
  A kobold brigand (D)
  2 crimson imps (D)
  2 iron imps (D)
  An iguana (D)
  3 orc wizards (D)
  2 adders (D)
  A gnoll (D)
  5 orcs (D)
  4 ball pythons (D)
  A goblin (D)
  A hobgoblin (D)
  A quokka (D)
  A ball python skeleton (D)
  A bat (D)
  A rat (D)
46 creatures vanquished.

Notes
Turn   | Place    | Note
-------+----------+-------------------------------------------
     0 | D        | rocky1 the Formicid Fighter began the quest for the Orb.
     0 | D        | Reached XP level 1. HP: 18/18 MP: 1/1
    18 | D        | Found a bloodstained altar of Trog.
    18 | D        | Found a shimmering blue altar of Sif Muna.
    18 | D        | Found a viscous altar of Jiyva.
    18 | D        | Found a hazy altar of Hepliaklqana.
    18 | D        | Found an opulent altar of Gozag.
    19 | D        | Found a glowing golden altar of the Shining One.
    19 | D        | Found a glowing silver altar of Zin.
    19 | D        | Found a basalt altar of Yredelemnul.
    19 | D        | Found a shimmering altar of Xom.
    19 | D        | Found an ornate altar of the Wu Jian Council.
    19 | D        | Found a sacrificial altar of Ru.
    19 | D        | Found a stormy altar of Qazlal.
    19 | D        | Found an iron altar of Okawaru.
    19 | D        | Found a sparkling altar of Nemelex Xobeh.
    19 | D        | Found a burning altar of Makhleb.
    19 | D        | Found a blossoming altar of Fedhas.
    19 | D        | Found a white marble altar of Elyvilon.
    19 | D        | Found a shadowy altar of Dithmenos.
    19 | D        | Found a snail-covered altar of Cheibriados.
    22 | D        | Found a corrupted altar of Lugonu.
    22 | D        | Found a radiant altar of Vehumet.
    23 | D        | Found an ancient bone altar of Kikubaaqudgha.
    23 | D        | Found a hide-covered altar of Uskayaw.
    23 | D        | Found a broken altar of Ashenzari.
    30 | D        | Became a worshipper of Gozag Ym Sagoz the Greedy
    87 | D        | Reached skill level 5 in Shields
    90 | D        | Reached skill level 6 in Shields
    90 | D        | Reached XP level 2. HP: 18/24 MP: 2/2
   135 | D        | Reached XP level 3. HP: 19/29 MP: 3/3
   213 | D        | Reached skill level 5 in Polearms
   213 | D        | Reached skill level 7 in Shields
   213 | D        | Reached XP level 4. HP: 27/35 MP: 4/4
   304 | D        | Noticed Grinder
   310 | D        | Killed Grinder
   311 | D        | Reached skill level 11 in Shields
   311 | D        | Reached XP level 5. HP: 41/41 MP: 5/5
   311 | D        | Reached XP level 6. HP: 47/47 MP: 6/6
   311 | D        | Noticed a warg
   315 | D        | Noticed an ogre
   316 | D        | Noticed an ogre
   317 | D        | Killed a warg
   318 | D        | Reached skill level 10 in Polearms
   318 | D        | Reached skill level 13 in Shields
   323 | D        | Killed an ogre
   324 | D        | Reached XP level 7. HP: 52/52 MP: 7/7
   325 | D        | Reached skill level 14 in Shields
   362 | D        | Noticed a red devil
   372 | D        | Killed a red devil
   373 | D        | Reached skill level 15 in Shields
   373 | D        | Reached XP level 8. HP: 32/58 MP: 8/8
   573 | D        | Reached skill level 16 in Shields
   596 | D        | Noticed a spriggan
   604 | D        | Killed a spriggan
   605 | D        | Reached skill level 5 in Fighting
   686 | D        | Got the +2 scimitar "Coedghen" {flame, *Noise rElec rPois
                  | Str+7 Dex+3}
   890 | D        | Noticed a fire bat
   896 | D        | Killed a fire bat
   897 | D        | Reached skill level 1 in Dodging
   897 | D        | Reached XP level 9. HP: 71/71 MP: 9/9
   901 | D        | Reached skill level 17 in Shields
  1017 | D        | Noticed an unseen horror
  1033 | D        | Killed an unseen horror
  1034 | D        | Reached skill level 5 in Armour
  1060 | D        | Noticed a freezing wraith
  1074 | D        | Killed a freezing wraith
  1505 | D        | Noticed a tyrant leech
  1505 | D        | Noticed a hornet
  1524 | D        | Killed a hornet
  1525 | D        | Reached XP level 10. HP: 82/82 MP: 10/10
  1536 | D        | Reached skill level 18 in Shields
  1675 | D        | Reached skill level 5 in Dodging
  1714 | D        | Noticed a naga mage
  1714 | D        | Noticed a naga warrior
  1714 | D        | Noticed an ice devil
  1714 | D        | Noticed a freezing wraith
  1714 | D        | Noticed a guardian serpent
  1716 | D        | Noticed a bog body
  1722 | D        | HP: 3/82 [naga/+0 broad axe (19)]
  1722 | D        | Constricted to death by a naga

Illustrated notes

Levels and vault maps discovered:
D:        pitsprint [storerooms_1, entrance_room_1, metal_vault_2, armoury_2,
          mini_pit_1, grid_room_1, main_hall_1, silver_pit, the_coven_2,
          the_vestibule_1, steel_vault_4, golden_pit, hallway_of_sentries,
          crystal_vault_3, iron_vault_5, final_vault]

Skill      XL: |  1  2  3  4  5  6  7  8  9 10 |
---------------+-------------------------------+-----
Polearms       | 3 4 5 8 10 12 13 14 | 14.0
Shields        | 6 7 11 13 15 16 17 18 | 18.1
Fighting       | 6 8 |  8.9
Dodging        | 1 4 5 |  5.2
Armour         | 6 7 |  7.2

Action                   |  1- 3 |  4- 6 |  7- 9 | 10-12 || total
-------------------------+-------+-------+-------+-------++-------
Melee: Trident           |    25 |    13 |   110 |    28 ||   176
Invok: Call Merchant     |       |       |       |     1 ||     1
  Use: Potion            |       |     1 |     2 |     2 ||     5
Armor: Scale mail        |     4 |       |       |       ||     4
       Plate armour      |       |     4 |     3 |       ||     7
       Chain mail        |       |       |    28 |    10 ||    38
Dodge: Dodged            |     7 |     2 |    29 |     3 ||    41
Block: Buckler           |       |     4 |    27 |     4 ||    35

Table legend: (Time is in decaauts)
 A = Elapsed time spent in this place.
 B = Non-inter-level travel time spent in this place.
 C = Inter-level travel time spent in this place.
 D = Time resting spent in this place.
 E = Time spent auto-exploring this place.
 F = Levels seen in this place.
 G = Mean time per level.
                   A        B        C        D        E       F      G
               +--------+--------+--------+--------+--------+-----+--------+
         Total |   1675 |   1616 |     59 |   1008 |      0 |   1 | 1675.0 |
       Dungeon |   1675 |   1616 |     59 |   1008 |      0 |   1 | 1675.0 |
               +--------+--------+--------+--------+--------+-----+--------+

Top non-repeatable levels by time:
       D: 1675 daAuts
